 Dungeon Crawl Stone Soup version 0.28-b1-1-g3c77fb2ed1 (webtiles) character file.

Game seed: 5952801235442204820

2 Akaron the Conjurer (level 1, 0/11 HPs)
             Began as an Octopode Conjurer on Jan 30, 2022.
             Slain by a ball python (1 damage)
             ... on level 1 of the Dungeon.
             The game lasted 00:00:33 (42 turns).

Akaron the Conjurer (Octopode Conjurer)               Turns: 42, Time: 00:00:36

Health: 0/11       AC:  1    Str:  6    XL:     1   Next: 40%
Magic:  1/3        EV: 13    Int: 20    God:
Gold:   0          SH:  0    Dex: 10    Spells: 3/4 levels left

rFire   . . .      SeeInvis .   (no weapon)
rCold   . . .      Faith    .   (no shield)
rNeg    . . .      Spirit   .   (helmet restricted)
rPois   .          Reflect  .   (no amulet)
rElec   .          Harm     .   (no ring)
rCorr   .          Rampage  .   (no ring)
Will    .....                   (no ring)
Stlth   +++.......              (no ring)
HPRegen 0.03/turn               (no ring)
MPRegen 0.08/turn               (no ring)
                                (no ring)
                                (no ring)

@: no status effects
A: almost no armour, amphibious, 8 rings, camouflage 1, gelatinous body 1,
(nimble swimmer 1), tentacles
a: no special abilities


You were on level 1 of the Dungeon.
You visited 1 branch of the dungeon, and saw 1 of its levels.

You aren't carrying anything.


   Skills:
 + Level 2.0 Dodging
 + Level 2.6 Stealth
 + Level 2.0 Spellcasting
 + Level 4.1 Conjurations


You had 3 spell levels left.
You knew the following spells:

 Your Spells              Type           Power      Damage    Failure   Level
a - Magic Dart            Conj           72%        1d6       3%          1

Your spell library contained the following spells:

 Spells                   Type           Power      Damage    Failure   Level
 Searing Ray              Conj           36%        2d5       4%          2
 Dazzling Flash           Conj/Hex       20%        N/A       21%         3
 Fulminant Prism          Conj/Hex       5%         3d7       56%         4
 Iskenderun's Mystic Bla  Conj/Tloc      10%        2d4       56%         4


Dungeon Overview and Level Annotations

Branches:
Dungeon (1/15)

Altars:


Innate Abilities, Weirdness & Mutations

You cannot wear most types of armour.
You are amphibious.
You can wear up to eight rings at the same time.
Your skin changes colour to match your surroundings (Stealth+).
Your rubbery body absorbs attacks. (AC +1, EV +1)
((You are camouflaged when in or above water. (Stealth+)))
You have tentacles for arms and can constrict up to eight enemies at once.


Message History

The kobold closely misses you.
You barely miss the jackal. Your grab misses the jackal.
The jackal is almost dead.
You constrict the kobold. The jackal bites you. The jackal closely misses you.
The kobold hits you but does no damage.
You tentacle-slap the jackal.
You kill the jackal!
You constrict the kobold, but do no damage.
The jackal closely misses you.
A ball python comes into view.
The kobold misses you.
The jackal bites you but does no damage.
The ball python hisses angrily.
You tentacle-slap the jackal but do no damage.
Your grab misses the jackal. Your squeeze misses the jackal.
You constrict the kobold. The jackal bites you. The kobold closely misses you.
You barely miss the jackal. Your grab misses the jackal.
Your squeeze misses the jackal. You constrict the kobold.
You kill the kobold!
A rat comes into view.
The jackal misses you.
You tentacle-slap the jackal. Your grab misses the jackal.
The jackal is lightly wounded.
The jackal closely misses you. The jackal barely misses you.
You tentacle-slap the jackal. You grab the jackal.
The jackal is moderately wounded.
You constrict the jackal, but do no damage.
The jackal bites you.
* * * LOW HITPOINT WARNING * * *
You tentacle-slap the jackal.
The jackal is heavily wounded.
You constrict the jackal, but do no damage.
The jackal closely misses you. The jackal misses you.
You tentacle-slap the jackal but do no damage.
You squeeze the jackal.
The jackal is almost dead.
You constrict the jackal.
You kill the jackal!
The ball python bites you.
You die...

#≈.≈...≈§≈#
#≈.≈...≈.≈#
#≈.......≈#
#.........#
#.........#
#.........#
.####'''#####..
....8.).8......
:[.#..)@...##..
## ##..†S..#
#.#.......#
....r.......
#.#.#.##.#..#
#.#$#.# .#..# #
... ># .# ...


You could see a ball python and a rat.

Vanquished Creatures
  2 jackals (D:1)
  A bat (D:1)
  A kobold (D:1)
4 creatures vanquished.

Notes
Turn   | Place    | Note
-------+----------+-------------------------------------------
     0 | D:1      | Akaron the Octopode Conjurer began the quest for the Orb.
     0 | D:1      | Reached XP level 1. HP: 11/11 MP: 3/3
    42 | D:1      | Slain by a ball python

Illustrated notes

Levels and vault maps discovered:
D:1:      scummos_arrival_gate, layout_loops_cross, minmay_misc_feat_tower

Action                   || total
-------------------------++-------
Melee: Unarmed           ||    10
       Constrict         ||     2
       Tentacles         ||     1
 Cast: Magic Dart        ||     3
Armor: Skin              ||     2
Dodge: Dodged            ||    12
